[Event "January 9 Early 2024"]
[Site "https://www.chess.com"]
[Date "2024.01.11"]
[Round "1"]
[White "Smirnov, Alexandr A."]
[Black "Skaric, Djuro"]
[Result "1-0"]
[Board "35"]
[TimeControl "180+1"]
[WhiteFideId "24104396"]
[BlackFideId "934569"]
[WhiteElo "2642"]
[BlackElo "2297"]
[WhiteTeam "RUS"]
[BlackTeam "SRB"]
[WhiteClock "0:01:30"]
[BlackClock "0:01:19"]

1. e4 d6 2. d4 g6 3. Nc3 Bg7 4. Bg5 h6 5. Bh4 Nf6 6. e5 Nfd7 7. f4 Nb6 8. Nf3 O-O 9. Bd3 Nc6 10. O-O dxe5 11. dxe5 Bg4 12. h3 Be6 13. Ne4 Nd4 14. c3 Nxf3+ 15. Qxf3 Bd5 16. Rad1 Qe8 17. b3 f5 18. exf6 exf6 19. c4 Bc6 20. Qe2 f5 21. Nc5 Qxe2 22. Bxe2 Rfe8 23. Bf3 Bxf3 24. Rxf3 Re2 25. Rf2 Rae8 26. Nxb7 Nc8 27. Rxe2 Rxe2 28. Rd8+ Kf7 29. Rxc8 Bd4+ 30. Kh2 Rxa2 31. Rxc7+ Ke6 32. Re7# 1-0

[Event "January 9 Early 2024"]
[Site "https://www.chess.com"]
[Date "2024.01.11"]
[Round "1"]
[White "Vasilevich, Tatjana"]
[Black "Shubhi Gupta"]
[Result "0-1"]
[Board "36"]
[TimeControl "180+1"]
[WhiteFideId "14101610"]
[BlackFideId "25195425"]
[WhiteElo "2607"]
[BlackElo "2299"]
[WhiteTeam "RUS"]
[BlackTeam "IND"]
[WhiteClock "0:02:18"]
[BlackClock "0:00:39"]

1. d4 d5 2. c4 e6 3. Nc3 Nf6 4. cxd5 exd5 5. Bg5 Be7 6. e3 c6 7. Bd3 Nbd7 8. Nge2 O-O 9. O-O Re8 10. Qc2 Nf8 11. Rae1 Ne6 12. Bh4 b5 13. f3 Bb7 14. Bf2 a6 15. h3 c5 16. dxc5 Bxc5 17. Nd4 Bxd4 18. exd4 Rc8 19. Qd2 h6 20. Ne2 Qd7 21. Ng3 Qc7 22. Nf5 Nf8 23. Bg3 Qb6 24. Ne7+ Rxe7 25. Rxe7 Qxd4+ 26. Bf2 Qa4 27. b3 Qa3 28. Rxb7 Ne6 29. Bf5 Rd8 30. Bxe6 fxe6 31. Bd4 0-1

[Event "January 9 Early 2024"]
[Site "https://www.chess.com"]
[Date "2024.01.11"]
[Round "1"]
[White "Poormosavi, Seyed Kian"]
[Black "Lopez Idarraga, Daniel Eduardo"]
[Result "1-0"]
[Board "37"]
[TimeControl "180+1"]
[WhiteFideId "12585807"]
[BlackFideId "4405501"]
[WhiteElo "2736"]
[BlackElo "2404"]
[WhiteTeam "IRI"]
[BlackTeam "COL"]
[WhiteClock "0:02:05"]
[BlackClock "0:00:57"]

1. Nf3 d5 2. g3 Nf6 3. Bg2 Bf5 4. O-O e6 5. d3 h6 6. c4 c6 7. cxd5 exd5 8. Nc3 Be7 9. Nd4 Bh7 10. e4 dxe4 11. dxe4 Nbd7 12. Be3 O-O 13. f3 Re8 14. Qd2 Bc5 15. Rad1 Ne5 16. Bf2 a5 17. Qc1 Qc7 18. h3 a4 19. f4 Nc4 20. e5 Nd7 21. Ne4 b5 22. Nxc5 Nxc5 23. Bxc6 Nd3 24. Rxd3 Bxd3 25. Rd1 Bh7 26. Bxe8 Rxe8 27. Nxb5 Qc6 28. Nd6 1-0

[Event "January 9 Early 2024"]
[Site "https://www.chess.com"]
[Date "2024.01.11"]
[Round "1"]
[White "Rietze, Clemens, Dr."]
[Black "Bharath Subramaniyam H"]
[Result "1-0"]
[Board "38"]
[TimeControl "180+1"]
[WhiteFideId "24620351"]
[BlackFideId "46634827"]
[WhiteElo "2521"]
[BlackElo "2951"]
[WhiteTeam "GER"]
[BlackTeam "IND"]
[WhiteClock "0:00:58"]
[BlackClock "0:01:49"]

1. d4 Nf6 2. c4 e6 3. Nf3 d5 4. g3 dxc4 5. Bg2 a6 6. O-O Nc6 7. a4 Rb8 8. a5 b5 9. axb6 cxb6 10. Nc3 Be7 11. Bf4 Bd6 12. Bg5 O-O 13. e4 Be7 14. Bf4 Ra8 15. d5 e5 16. Bxe5 Nxe5 17. Nxe5 Qc7 18. Nc6 Bd6 19. Nb5 Qd7 20. Nxd6 Qxd6 21. e5 Qc5 22. exf6 gxf6 23. d6 Bd7 24. Ne7+ Kg7 25. Bxa8 Rxa8 26. Qd5 Qxd5 27. Nxd5 b5 28. Nb6 Ra7 29. Nxd7 Rxd7 30. Rxa6 1-0

[Event "January 9 Early 2024"]
[Site "https://www.chess.com"]
[Date "2024.01.11"]
[Round "1"]
[White "Dyulgerov, Volen"]
[Black "Hamblok, Roel"]
[Result "1-0"]
[Board "39"]
[TimeControl "180+1"]
[WhiteFideId "2918978"]
[BlackFideId "209317"]
[WhiteElo "2395"]
[BlackElo "2628"]
[WhiteTeam "BUL"]
[BlackTeam "BEL"]
[WhiteClock "0:00:18"]
[BlackClock "0:01:52"]

1. e4 c5 2. Nf3 e6 3. d4 cxd4 4. c3 d5 5. e5 dxc3 6. Bd3 cxb2 7. Bxb2 Nc6 8. O-O Bd7 9. Nc3 Nge7 10. h4 a6 11. Re1 Ng6 12. Ng5 Ngxe5 13. Nxd5 Nxd3 14. Qh5 Nde5 15. Bxe5 Nxe5 16. Rxe5 g6 17. Qf3 Bg7 18. Qxf7# 1-0

[Event "January 9 Early 2024"]
[Site "https://www.chess.com"]
[Date "2024.01.11"]
[Round "1"]
[White "Kohler, Aran"]
[Black "Espinoza Villanueva, Rodrigo"]
[Result "1/2-1/2"]
[Board "40"]
[TimeControl "180+1"]
[WhiteFideId "1002856"]
[BlackFideId "5140188"]
[WhiteElo "2241"]
[BlackElo "2595"]
[WhiteTeam "NED"]
[BlackTeam "MEX"]
[WhiteClock "0:01:18"]
[BlackClock "0:01:19"]

1. d4 Nf6 2. Nf3 e6 3. Bg5 Be7 4. Nbd2 d5 5. e3 O-O 6. Bd3 b6 7. Ne5 Bb7 8. f4 c5 9. c3 Nc6 10. Qf3 Rc8 11. Qh3 Nxe5 12. fxe5 Ne4 13. Bxe7 Qxe7 14. Nxe4 dxe4 15. Be2 Rfd8 16. O-O Qg5 17. Rf2 Rd7 18. Raf1 cxd4 19. exd4 e3 20. Rf4 Qg6 21. Rg4 Qc2 22. Qxe3 Qxb2 23. Rg3 Rdc7 24. Bd3 Rxc3 25. Qh6 g6 26. Bxg6 hxg6 27. Rxg6+ fxg6 28. Qxg6+ Kh8 29. Qh6+ Kg8 30. Qg6+ Kh8 31. Qh6+ Kg8 32. Qg6+ 1/2-1/2

[Event "January 9 Early 2024"]
[Site "https://www.chess.com"]
[Date "2024.01.11"]
[Round "1"]
[White "Molina, Roberto Junio Brito"]
[Black "Todorovic, Bojan"]
[Result "1-0"]
[Board "41"]
[TimeControl "180+1"]
[WhiteFideId "2109450"]
[BlackFideId "917087"]
[WhiteElo "2803"]
[BlackElo "2438"]
[WhiteTeam "BRA"]
[BlackTeam "SRB"]
[WhiteClock "0:01:40"]
[BlackClock "0:00:48"]

1. d4 Nf6 2. Nf3 g6 3. e3 Bg7 4. Be2 O-O 5. O-O c5 6. dxc5 Qa5 7. a3 Qxc5 8. b4 Qc7 9. Bb2 d6 10. c4 a5 11. Nc3 axb4 12. axb4 Rxa1 13. Qxa1 Na6 14. Nd5 Qd8 15. Nxf6+ Bxf6 16. Bxf6 exf6 17. Rb1 Bf5 18. Rb2 Re8 19. Nd4 Bd7 20. Qd1 Qc7 21. Qd2 Re5 22. g3 Kg7 23. Nf3 Re8 24. Qd4 Be6 25. Nd2 Rc8 26. Ne4 Qd8 27. Nxd6 1-0

[Event "January 9 Early 2024"]
[Site "https://www.chess.com"]
[Date "2024.01.11"]
[Round "1"]
[White "Pultinevicius, Paulius"]
[Black "Travkina, Anastasia"]
[Result "1-0"]
[Board "42"]
[TimeControl "180+1"]
[WhiteFideId "12809390"]
[BlackFideId "24129151"]
[WhiteElo "2824"]
[BlackElo "2443"]
[WhiteTeam "LTU"]
[BlackTeam "RUS"]
[WhiteClock "0:01:11"]
[BlackClock "0:01:15"]

1. d4 Nf6 2. c4 c5 3. d5 b5 4. cxb5 a6 5. e3 e6 6. Nc3 exd5 7. Nxd5 Be7 8. Nf3 O-O 9. b6 Nc6 10. Bc4 Nxd5 11. Bxd5 Bf6 12. O-O Qxb6 13. Rb1 Bb7 14. Bd2 Nb4 15. Bxb7 Qxb7 16. Bc3 Be7 17. Qb3 c4 18. Qxc4 Rac8 19. Qg4 f6 20. Rbd1 Rfd8 21. Nd4 Bf8 22. Nf5 Nd5 23. Nh6+ Kh8 24. Nf7+ Kg8 25. Nxd8 Rxd8 26. Qf3 1-0

[Event "January 9 Early 2024"]
[Site "https://www.chess.com"]
[Date "2024.01.11"]
[Round "1"]
[White "Eggleston, Thomas A"]
[Black "Trost, Edvin"]
[Result "0-1"]
[Board "43"]
[TimeControl "180+1"]
[WhiteFideId "412139"]
[BlackFideId "1729519"]
[WhiteElo "2257"]
[BlackElo "2613"]
[WhiteTeam "ENG"]
[BlackTeam "SWE"]
[WhiteClock "0:00:37"]
[BlackClock "0:02:05"]

1. e4 g6 2. d4 Bg7 3. Nc3 a6 4. a4 d6 5. Be3 Nf6 6. h3 Nc6 7. Nf3 O-O 8. Be2 Nd7 9. d5 Nce5 10. Nxe5 Nxe5 11. Qd2 e6 12. Bh6 exd5 13. Bxg7 Kxg7 14. exd5 Re8 15. O-O Qh4 16. f4 Nd7 17. Bg4 Nf6 18. Bxc8 Raxc8 19. Qf2 Qh5 20. Rae1 Nxd5 21. Qd4+ Nf6 22. Ne4 Qf5 23. g4 Rxe4 24. Rxe4 Qxe4 25. Qc3 d5 26. g5 d4 27. gxf6+ Kxf6 28. Qg3 Qe3+ 29. Qxe3 dxe3 30. Re1 Re8 31. Kg2 Kf5 32. Kf3 Re4 33. b3 Rxf4+ 34. Kxe3 Re4+ 0-1

[Event "January 9 Early 2024"]
[Site "https://www.chess.com"]
[Date "2024.01.11"]
[Round "1"]
[White "Kornyukov, Alexey"]
[Black "Ambartsumova, Karina"]
[Result "0-1"]
[Board "44"]
[TimeControl "180+1"]
[WhiteFideId "4150457"]
[BlackFideId "4166299"]
[WhiteElo "2268"]
[BlackElo "2622"]
[WhiteTeam "RUS"]
[BlackTeam "RUS"]
[WhiteClock "0:00:52"]
[BlackClock "0:01:25"]

1. e4 e5 2. Nf3 Nc6 3. Bc4 Nf6 4. O-O Nxe4 5. Re1 Nd6 6. Nxe5 Nxe5 7. Rxe5+ Be7 8. Bb3 O-O 9. Nc3 c6 10. d4 Bf6 11. Re1 Nf5 12. d5 d6 13. Ne4 Be7 14. Bf4 a5 15. a4 c5 16. c3 h6 17. Ng3 Nxg3 18. Bxg3 Bf5 19. Qf3 Bg6 20. Re2 Bf6 21. Rae1 Qb6 22. Bc2 Bxc2 23. Rxc2 Rad8 24. c4 Qb4 25. b3 Qxe1# 0-1

[Event "January 9 Early 2024"]
[Site "https://www.chess.com"]
[Date "2024.01.11"]
[Round "1"]
[White "Antunez Soler, Luis"]
[Black "Rodriguez Santiago, Jaime"]
[Result "1-0"]
[Board "45"]
[TimeControl "180+1"]
[WhiteFideId "3513335"]
[BlackFideId "3100898"]
[WhiteElo "2610"]
[BlackElo "2257"]
[WhiteTeam "CUB"]
[BlackTeam "PUR"]
[WhiteClock "0:01:33"]
[BlackClock "0:00:54"]

1. e4 c6 2. d4 d5 3. Nc3 dxe4 4. Nxe4 Nf6 5. Nxf6+ exf6 6. c3 Bd6 7. Bd3 O-O 8. Qc2 Re8+ 9. Ne2 h5 10. Be3 Nd7 11. O-O-O Nf8 12. h3 Be6 13. g4 Bd5 14. Rhg1 h4 15. g5 f5 16. Bxf5 a5 17. g6 f6 18. c4 Bf3 19. c5 Bh2 20. Rge1 Qd5 21. Nc3 Qd8 22. d5 Bxd1 23. Rxd1 cxd5 24. Nxd5 Re5 25. Nb6 Qe8 26. Qc4+ Ne6 27. Bxe6+ 1-0

[Event "January 9 Early 2024"]
[Site "https://www.chess.com"]
[Date "2024.01.11"]
[Round "1"]
[White "Sasvatha A"]
[Black "Olenik Campa, Rudi"]
[Result "0-1"]
[Board "46"]
[TimeControl "180+1"]
[WhiteFideId "45010862"]
[BlackFideId "14633264"]
[WhiteElo "2175"]
[BlackElo "2573"]
[WhiteTeam "IND"]
[BlackTeam "SLO"]
[WhiteClock "0:01:08"]
[BlackClock "0:01:22"]

1. Nc3 e5 2. b3 Nf6 3. Bb2 d5 4. e3 Nc6 5. Nge2 Be7 6. d4 exd4 7. exd4 O-O 8. Qd2 Ng4 9. f3 Bg5 10. Qd3 Nh6 11. a3 Bf5 12. Qd1 Re8 13. g3 Be3 14. Na4 Qf6 15. c3 Be4 16. Bg2 Bxf3 17. Bxf3 Qxf3 18. Rf1 Qg2 19. h4 Ng4 20. Nc5 Bf2+ 21. Kd2 Ne3 22. Qc1 Nc4+ 23. Kc2 Rxe2+ 24. Kb1 Rxb2+ 25. Qxb2 Nxb2 26. Kxb2 Bxd4+ 0-1

[Event "January 9 Early 2024"]
[Site "https://www.chess.com"]
[Date "2024.01.11"]
[Round "1"]
[White "Mendez Fortes, Eduardo Jesus"]
[Black "Alexanian, Nelli"]
[Result "1-0"]
[Board "47"]
[TimeControl "180+1"]
[WhiteFideId "3502376"]
[BlackFideId "4170539"]
[WhiteElo "2545"]
[BlackElo "1953"]
[WhiteTeam "CUB"]
[BlackTeam "TUR"]
[WhiteClock "0:02:02"]
[BlackClock "0:00:40"]

1. e4 e6 2. d4 d5 3. Nd2 Nc6 4. Ngf3 Nf6 5. e5 Ne4 6. Nb3 a5 7. a4 b6 8. Bb5 Bd7 9. O-O Be7 10. c3 O-O 11. Bd3 f5 12. exf6 Nxf6 13. Re1 Bd6 14. Ne5 Qe7 15. Bg5 h6 16. Ng6 Qf7 17. Nxf8 Rxf8 18. Bh4 Ne4 19. Bxe4 dxe4 20. Nd2 e5 21. Nxe4 exd4 22. Nxd6 cxd6 23. cxd4 Qf4 24. Bg3 Qxd4 25. Qxd4 Nxd4 26. Rad1 Nf5 27. b3 1-0

[Event "January 9 Early 2024"]
[Site "https://www.chess.com"]
[Date "2024.01.11"]
[Round "1"]
[White "Haring, Filip"]
[Black "Jarocka, Liwia"]
[Result "1-0"]
[Board "48"]
[TimeControl "180+1"]
[WhiteFideId "14933080"]
[BlackFideId "21807558"]
[WhiteElo "2714"]
[BlackElo "2390"]
[WhiteTeam "SVK"]
[BlackTeam "POL"]
[WhiteClock "0:00:40"]
[BlackClock "0:01:19"]

1. d4 d5 2. Nf3 Nf6 3. c4 c6 4. Nc3 e6 5. e3 Nbd7 6. Bd3 dxc4 7. Bxc4 b5 8. Bd3 Bb7 9. O-O Bd6 10. Qe2 O-O 11. Rd1 Qe7 12. e4 e5 13. Bg5 exd4 14. Nxd4 g6 15. Nf3 Rfe8 16. Bc2 Ne5 17. Bb3 Nxf3+ 18. Qxf3 Be5 19. Rd2 b4 20. Ne2 c5 1-0

[Event "January 9 Early 2024"]
[Site "https://www.chess.com"]
[Date "2024.01.11"]
[Round "1"]
[White "Thake, Conrad"]
[Black "Przybylski, Wojciech"]
[Result "0-1"]
[Board "49"]
[TimeControl "180+1"]
[WhiteFideId "5602947"]
[BlackFideId "1117599"]
[WhiteElo "1839"]
[BlackElo "2539"]
[WhiteTeam "MLT"]
[BlackTeam "POL"]
[WhiteClock "0:01:19"]
[BlackClock "0:00:58"]

1. e4 c5 2. Nf3 d6 3. d4 cxd4 4. Nxd4 Nf6 5. Nc3 a6 6. Be2 e5 7. Nf3 Be7 8. O-O O-O 9. Be3 Be6 10. h3 h6 11. Qd2 Nbd7 12. Rad1 Rc8 13. Kh1 Nc5 14. Bd3 b5 15. a3 Nxd3 16. cxd3 d5 17. exd5 Nxd5 18. Nxe5 Nxc3 19. bxc3 Qc7 20. Bd4 Bxa3 21. f4 Bd5 22. f5 f6 23. Ng6 Rfe8 24. Rfe1 Qg3 25. Nf4 Bd6 26. Rxe8+ Rxe8 27. Rf1 Bxf4 28. Qxf4 Qxg2# 0-1

[Event "January 9 Early 2024"]
[Site "https://www.chess.com"]
[Date "2024.01.11"]
[Round "1"]
[White "Shuvalov, Evgenij"]
[Black "Kevlishvili, Robby"]
[Result "0-1"]
[Board "50"]
[TimeControl "180+1"]
[WhiteFideId "4187237"]
[BlackFideId "1040634"]
[WhiteElo "2511"]
[BlackElo "2975"]
[WhiteTeam "FID"]
[BlackTeam "NED"]
[WhiteClock "0:00:32"]
[BlackClock "0:01:43"]

1. d4 Nf6 2. c4 g6 3. Nc3 Bg7 4. e4 d6 5. Nf3 O-O 6. Be2 Na6 7. O-O e5 8. Be3 Qe7 9. d5 Nc5 10. Nd2 a5 11. a3 h5 12. b4 Na6 13. f3 h4 14. Qe1 Nh5 15. Bf2 Bf6 16. g3 Bh3 17. Rb1 Bg5 18. Kh1 Bxf1 19. Bxf1 Qf6 20. Be2 Kg7 21. Kg2 hxg3 22. hxg3 Rh8 23. Nf1 Qe7 24. Be3 Bxe3 25. Nxe3 Qg5 26. Kf2 Qxg3+ 27. Kf1 Qh3+ 28. Kf2 Nf4 29. Qg1 Qh2+ 30. Ng2 Nh3+ 0-1

[Event "January 9 Early 2024"]
[Site "https://www.chess.com"]
[Date "2024.01.11"]
[Round "1"]
[White "Pujari, Rucha"]
[Black "Demchenko, Anton"]
[Result "0-1"]
[Board "51"]
[TimeControl "180+1"]
[WhiteFideId "5024528"]
[BlackFideId "4160258"]
[WhiteElo "2498"]
[BlackElo "2933"]
[WhiteTeam "IND"]
[BlackTeam "SLO"]
[WhiteClock "0:00:02"]
[BlackClock "0:02:17"]

1. d4 Nf6 2. c4 g6 3. Nf3 Bg7 4. g3 O-O 5. Bg2 d6 6. O-O Nbd7 7. Nc3 e5 8. e4 exd4 9. Nxd4 Re8 10. Re1 Nc5 11. b4 Ne6 12. Be3 a5 13. a3 axb4 14. axb4 Rxa1 15. Qxa1 Ng4 16. Nxe6 Bxe6 17. Bd2 Bd4 18. Be3 Nxe3 19. fxe3 Be5 20. Bf1 Qf6 21. Rc1 h5 22. Qa3 h4 23. Ne2 hxg3 24. hxg3 Bb2 25. Qa4 c6 26. Rb1 Bxc4 0-1

[Event "January 9 Early 2024"]
[Site "https://www.chess.com"]
[Date "2024.01.11"]
[Round "1"]
[White "Zeneli, Klendi"]
[Black "Cristobal, Manuel"]
[Result "0-1"]
[Board "52"]
[TimeControl "180+1"]
[WhiteFideId "4706609"]
[BlackFideId "112879"]
[WhiteElo "2369"]
[BlackElo "2703"]
[WhiteTeam "ALB"]
[BlackTeam "ARG"]
[WhiteClock "0:00:58"]
[BlackClock "0:01:56"]

1. e4 Nc6 2. Nf3 d5 3. exd5 Qxd5 4. Nc3 Qh5 5. d4 Bg4 6. Bb5 O-O-O 7. Bxc6 bxc6 8. Be3 e6 9. Qe2 Kb7 10. O-O Nf6 11. a4 Bd6 12. h3 Bxf3 13. Qxf3 Qxf3 14. gxf3 Nd5 15. Ne4 f5 16. Ng5 Rde8 17. Nf7 Rhf8 18. Ne5 f4 19. Bd2 Bxe5 20. dxe5 Rf5 21. c4 Nb6 22. b3 Rxe5 23. Bc3 Rg5+ 24. Kh2 Nd7 25. Rg1 Rxg1 26. Rxg1 g6 27. h4 e5 28. h5 Re6 29. b4 Nb6 30. c5 Nd5 31. Bd2 e4 32. hxg6 hxg6 33. fxe4 Rxe4 34. b5 Re2 35. bxc6+ Kxc6 36. Rxg6+ Kxc5 37. Bc1 Rxf2+ 38. Kh3 Rc2 39. Ba3+ Kd4 40. Kg4 Rg2+ 41. Kf5 Rxg6 42. Kxg6 f3 0-1

[Event "January 9 Early 2024"]
[Site "https://www.chess.com"]
[Date "2024.01.11"]
[Round "1"]
[White "Zhu, Jiner"]
[Black "Sofronie, Claudia-Ramona"]
[Result "1-0"]
[Board "53"]
[TimeControl "180+1"]
[WhiteFideId "8608059"]
[BlackFideId "1205722"]
[WhiteElo "2622"]
[BlackElo "2267"]
[WhiteTeam "CHN"]
[BlackTeam "ROU"]
[WhiteClock "0:00:50"]
[BlackClock "0:01:49"]

1. c4 e5 2. Nc3 Nc6 3. Nf3 Nf6 4. g3 a6 5. Bg2 Bc5 6. O-O d6 7. d3 h6 8. a3 Ba7 9. b4 Bg4 10. Bb2 Qd7 11. Re1 Bh3 12. Bh1 Ng4 13. e3 f5 14. Nd5 O-O 15. d4 e4 16. Nd2 Ne7 17. Nf4 Nxf2 18. Kxf2 Bg4 19. Qb3 g5 20. Ne2 d5 21. cxd5 Nxd5 22. Nc3 c6 23. Nxd5 cxd5 24. Kg1 f4 25. exf4 gxf4 26. Bxe4 Rad8 27. Bg2 Qg7 28. Kh1 Bb8 29. Bxd5+ Kh8 30. Bg2 1-0

[Event "January 9 Early 2024"]
[Site "https://www.chess.com"]
[Date "2024.01.11"]
[Round "1"]
[White "Martinez Alcantara, Jose Eduardo"]
[Black "Yelisieiev, Yevhenii"]
[Result "1-0"]
[Board "54"]
[TimeControl "180+1"]
[WhiteFideId "3805662"]
[BlackFideId "14139642"]
[WhiteElo "3036"]
[BlackElo "2522"]
[WhiteTeam "PER"]
[BlackTeam "GER"]
[WhiteClock "0:01:53"]
[BlackClock "0:00:23"]

1. e4 d6 2. d4 Nf6 3. Bd3 e5 4. c3 g6 5. Nf3 Nbd7 6. O-O Bg7 7. h3 O-O 8. Re1 Re8 9. Bg5 h6 10. Bh4 g5 11. Bg3 Nh5 12. Bh2 Nf4 13. Bf1 exd4 14. cxd4 c5 15. Nc3 cxd4 16. Nxd4 Nc5 17. Qd2 Nfd3 18. Bxd3 Bxd4 19. Bb5 Bxc3 20. bxc3 Nxe4 21. Qd4 Nf6 22. Bxe8 Nxe8 23. Rab1 b6 24. Qe4 Be6 25. a3 Rc8 26. Qe3 Qc7 27. Rbc1 Qc4 28. Bg3 d5 29. Be5 Ng7 30. Qf3 Nf5 31. g4 Ne7 32. Qf6 Kf8 33. Bd6 1-0

[Event "January 9 Early 2024"]
[Site "https://www.chess.com"]
[Date "2024.01.11"]
[Round "1"]
[White "Kopczynski, Michal"]
[Black "Narayanan S L"]
[Result "0-1"]
[Board "55"]
[TimeControl "180+1"]
[WhiteFideId "1124200"]
[BlackFideId "5058422"]
[WhiteElo "2520"]
[BlackElo "3025"]
[WhiteTeam "POL"]
[BlackTeam "IND"]
[WhiteClock "0:00:24"]
[BlackClock "0:02:10"]

1. e4 b6 2. d4 Bb7 3. Nc3 e5 4. d5 Bb4 5. f4 Bxc3+ 6. bxc3 d6 7. Nf3 Nd7 8. Bb5 a6 9. Bxd7+ Qxd7 10. fxe5 dxe5 11. Nxe5 Qe7 12. Qd4 O-O-O 13. O-O f6 14. Nc4 h5 15. Ba3 Qe8 16. Rfe1 Nh6 17. d6 Nf7 18. Qe3 Qc6 19. dxc7 Kxc7 20. Rab1 b5 21. Na5 Qb6 22. Nb3 Qxe3+ 23. Rxe3 Ne5 24. Rg3 g5 25. Nd4 h4 26. Ne6+ Kb8 27. Nxd8 hxg3 28. Bd6+ Kc8 29. Bxe5 gxh2+ 30. Bxh2 Rxd8 31. e5 Rd2 32. exf6 Rxg2+ 33. Kf1 Rxh2 34. f7 Rh8 35. Re1 Kd7 36. Kf2 Rf8 37. Kg3 Rxf7 0-1

[Event "January 9 Early 2024"]
[Site "https://www.chess.com"]
[Date "2024.01.11"]
[Round "1"]
[White "Gatterer, Florian"]
[Black "Suyarov, Mukhammadzokhid"]
[Result "0-1"]
[Board "56"]
[TimeControl "180+1"]
[WhiteFideId "811688"]
[BlackFideId "14210495"]
[WhiteElo "2424"]
[BlackElo "2762"]
[WhiteTeam "ITA"]
[BlackTeam "UZB"]
[WhiteClock "0:00:18"]
[BlackClock "0:01:57"]

1. b3 e5 2. Bb2 Nc6 3. c4 Nf6 4. Nf3 e4 5. Nd4 Bc5 6. Nxc6 dxc6 7. d4 exd3 8. Qxd3 Qxd3 9. exd3 O-O 10. Nc3 Re8+ 11. Be2 Bd4 12. h3 Bf5 13. Rd1 Rad8 14. g4 Bxc3+ 15. Bxc3 Bxd3 16. Bxf6 Rxe2+ 17. Kf1 Rd2+ 18. Ke1 Rxd1+ 19. Kxd1 gxf6 20. Re1 Bxc4+ 21. Kc1 Be6 22. f4 f5 23. g5 Rd4 0-1

[Event "January 9 Early 2024"]
[Site "https://www.chess.com"]
[Date "2024.01.11"]
[Round "1"]
[White "Filipovic, Slobodan J"]
[Black "Tatarinov, Dmitry"]
[Result "0-1"]
[Board "57"]
[TimeControl "180+1"]
[WhiteFideId "939633"]
[BlackFideId "24160067"]
[WhiteElo "2409"]
[BlackElo "2748"]
[WhiteTeam "SRB"]
[BlackTeam "RUS"]
[WhiteClock "0:01:07"]
[BlackClock "0:01:48"]

1. c4 e5 2. Nc3 Nf6 3. Nf3 e4 4. Ng5 b5 5. d3 exd3 6. exd3 b4 7. Nce4 Bb7 8. Qe2 Nxe4 9. Nxe4 Be7 10. Ng3 O-O 11. Be3 Re8 12. O-O-O d5 13. Qg4 Bf8 14. Nf5 Qf6 15. Bd4 Qg6 16. Qxg6 hxg6 17. Ne3 c5 18. Bxc5 Bxc5 19. d4 Bd6 20. c5 Bf4 21. Bb5 Nc6 22. Rhe1 Re4 23. Bxc6 Bxc6 24. g3 Bxe3+ 25. Rxe3 Rxe3 26. fxe3 f5 27. Kd2 Kf7 28. Rf1 Ke6 29. h4 a5 30. Rg1 Rh8 31. Ke2 Kf6 32. Kf2 g5 33. hxg5+ Kxg5 34. Rb1 Rh2+ 35. Kg1 Re2 36. Rf1 Rxb2 37. Rf2 Rxf2 38. Kxf2 a4 39. Ke2 b3 40. axb3 a3 41. b4 a2 42. b5 Bxb5+ 43. Kd2 a1=Q 44. c6 Qb2+ 45. Kd1 Bd3 0-1

[Event "January 9 Early 2024"]
[Site "https://www.chess.com"]
[Date "2024.01.11"]
[Round "1"]
[White "Girsh, Daniel"]
[Black "Petrukhina, Olga"]
[Result "1-0"]
[Board "58"]
[TimeControl "180+1"]
[WhiteFideId "30949190"]
[BlackFideId "13703935"]
[WhiteElo "2642"]
[BlackElo "2298"]
[WhiteTeam "USA"]
[BlackTeam "KAZ"]
[WhiteClock "0:01:11"]
[BlackClock "0:00:53"]

1. Nf3 e6 2. d4 d5 3. g3 Nf6 4. Bg2 Be7 5. O-O b5 6. b3 Bb7 7. Bb2 O-O 8. Nbd2 c5 9. dxc5 Bxc5 10. c4 bxc4 11. bxc4 Nbd7 12. Rb1 Rb8 13. Qa4 Qe7 14. cxd5 Bxd5 15. e4 Ba8 16. e5 Nd5 17. Ne4 Bb6 18. Nd6 Nc5 19. Qc4 Qd7 20. Ba3 Qa4 21. Qxa4 Nxa4 22. Rbc1 Nac3 23. Rc2 Rfd8 24. Rfc1 Ne4 25. Nxe4 1-0

[Event "January 9 Early 2024"]
[Site "https://www.chess.com"]
[Date "2024.01.11"]
[Round "1"]
[White "Rasulov, Vugar"]
[Black "Jimenez Almeida, Luis David"]
[Result "1-0"]
[Board "59"]
[TimeControl "180+1"]
[WhiteFideId "13402390"]
[BlackFideId "22242244"]
[WhiteElo "2980"]
[BlackElo "2511"]
[WhiteTeam "AZE"]
[BlackTeam "ESP"]
[WhiteClock "0:01:46"]
[BlackClock "0:00:25"]

1. e4 c5 2. Nf3 e6 3. c3 d5 4. exd5 Qxd5 5. d4 Nf6 6. Na3 a6 7. Nc4 Nbd7 8. Be2 cxd4 9. Qxd4 Bc5 10. Qxd5 Nxd5 11. a4 b6 12. Nfe5 Bb7 13. Bf3 Nxe5 14. Nxe5 f6 15. Nd3 O-O-O 16. Nxc5 bxc5 17. a5 Kc7 18. O-O Bc6 19. Re1 e5 20. h4 Rb8 21. Be2 Bb7 22. g3 Rhd8 23. Bf1 Ra8 24. h5 h6 25. Ra4 Bc6 26. Rc4 Kd6 27. Rd1 Bb5 28. b3 Kc6 29. Bg2 Bxc4 30. bxc4 Rab8 31. Bxd5+ Kc7 32. Be3 Rb3 33. Bxc5 1-0

[Event "January 9 Early 2024"]
[Site "https://www.chess.com"]
[Date "2024.01.11"]
[Round "1"]
[White "Paravyan, David"]
[Black "Devaev, Alexander"]
[Result "1-0"]
[Board "60"]
[TimeControl "180+1"]
[WhiteFideId "4194985"]
[BlackFideId "4169395"]
[WhiteElo "3014"]
[BlackElo "2519"]
[WhiteTeam "FID"]
[BlackTeam "RUS"]
[WhiteClock "0:01:46"]
[BlackClock "0:00:11"]

1. e4 c6 2. d4 d5 3. e5 Bf5 4. Nf3 e6 5. c3 Nd7 6. Be2 a6 7. O-O h6 8. a4 c5 9. c4 Bxb1 10. Rxb1 Ne7 11. b4 cxd4 12. Nxd4 dxc4 13. Bxc4 Nxe5 14. Bxe6 fxe6 15. Qh5+ N5g6 16. Nxe6 Qb6 17. Re1 Kf7 18. Rb3 Rc8 19. Bb2 Rc4 20. Rf3+ Kg8 21. Nxf8 Qxb4 22. Rfe3 Qxb2 23. Nxg6 1-0

[Event "January 9 Early 2024"]
[Site "https://www.chess.com"]
[Date "2024.01.11"]
[Round "1"]
[White "Popov, Konstantin"]
[Black "Ladan, Nicholas"]
[Result "1-0"]
[Board "61"]
[TimeControl "180+1"]
[WhiteFideId "34137910"]
[BlackFideId "30918855"]
[WhiteElo "2904"]
[BlackElo "2482"]
[WhiteTeam "FID"]
[BlackTeam "USA"]
[WhiteClock "0:01:42"]
[BlackClock "0:00:26"]

1. e4 Nf6 2. e5 Nd5 3. d4 d6 4. Bc4 Nb6 5. Bb3 dxe5 6. Qh5 e6 7. dxe5 Nc6 8. Nf3 Na5 9. Nc3 Nxb3 10. axb3 Bd7 11. Bg5 Be7 12. Ne4 Nd5 13. O-O Bxg5 14. Nfxg5 Qe7 15. c4 Nf4 16. Qg4 Ng6 17. f4 a6 18. Qg3 O-O-O 19. Qe3 Kb8 20. Nc5 Bc6 21. b4 Nh4 22. Rf2 Nf5 23. Qa3 h6 24. b5 Bxb5 25. cxb5 hxg5 26. Nxa6+ Kc8 27. Nc5 1-0